[ AOE2 MATCH · #507014393 ]
UnrankedMaya vs Bulgarians
Player's team · LOSS
[ REPLAY ANALYSIS · EXTRACTED FROM THE RECORDED GAME ]
Feudal
11:49
Castle
19:01
Imperial
—
| APM avg | 58.2 |
| APM peak | 87 |
| eAPM avg | 26.6 |
| Villagers / military | 80 / 9 |
Focus
⚔️ 26.2% · 🌾 73.8%
Mangonel ×3 · Eagle Scout ×2 · Monk ×1 · Archer ×1 · Scorpion ×1 · Plumed Archer ×1
Feudal
8:58
Castle
24:49
Imperial
—
| APM avg | 67.3 |
| APM peak | 117 |
| eAPM avg | 25.5 |
| Villagers / military | 86 / 32 |
Focus
⚔️ 42.2% · 🌾 57.8%
Militia ×11 · Archer ×10 · Knight ×4 · Battering Ram ×4 · Mangonel ×2 · Petard ×1
Match map
Initial resources + every placement click. Lines = walls · curves = elevation contours. ◆ gold · ⬟ stone · ● berries · ✦ relic · ◌ wall gap
Your base· ✓ Closed at 19:01 · 49t walls · 1 gate(s)
thankyou9527's base· ✓ Closed at 24:49 · 57t walls · 1 gate(s)
Smoothed initial terrain · ◌ = detected wall gap · hover for details
Inputs per minute
— PomPom - - thankyou9527
Build order — PomPom
First 150 of 179 actions detected
| 0:01 | Research | Loom |
| 0:02 | Build | House |
| 0:04 | Build | House |
| 0:14 | Create | Villager (Male) |
| 0:14 | Create | Villager (Male) |
| 0:45 | Create | Villager (Male) |
| 1:34 | Create | Villager (Male) |
| 1:52 | Create | Villager (Male) |
| 2:26 | Create | Villager (Male) |
| 2:37 | Create | Villager (Male) |
| 3:08 | Create | Villager (Male) |
| 3:35 | Build | House |
| 3:40 | Create | Villager (Male) |
| 3:54 | Build | Lumber Camp |
| 4:01 | Create | Villager (Male) |
| 4:24 | Build | Palisade Wall |
| 4:27 | Create | Villager (Male) |
| 4:27 | Create | Villager (Male) |
| 5:04 | Build | House |
| 5:08 | Create | Villager (Male) |
| 5:30 | Build | Palisade Wall |
| 5:30 | Build | Palisade Wall |
| 5:41 | Create | Villager (Male) |
| 5:46 | Build | Palisade Wall |
| 5:57 | Build | Palisade Wall |
| 5:58 | Build | Palisade Wall |
| 6:01 | Create | Villager (Male) |
| 6:27 | Create | Villager (Male) |
| 6:33 | Build | Palisade Wall |
| 6:57 | Create | Villager (Male) |
| 6:59 | Build | Palisade Wall |
| 7:03 | Build | Mill |
| 7:12 | Create | Villager (Male) |
| 7:36 | Build | Mining Camp |
| 7:40 | Create | Villager (Male) |
| 7:50 | Build | House |
| 8:15 | Create | Villager (Male) |
| 8:26 | Create | Villager (Male) |
| 8:57 | Create | Villager (Male) |
| 9:18 | Build | Barracks |
| 9:24 | Create | Villager (Male) |
| 9:39 | Research | Feudal Age |
| 9:58 | Create | Villager (Male) |
| 10:14 | Build | Palisade Wall |
| 10:34 | Build | House |
| 10:38 | Build | House |
| 10:42 | Build | Palisade Wall |
| 11:19 | Build | Mining Camp |
| 11:48 | Build | House |
| 11:49 | Age | Feudal Age |
| 11:54 | Create | Villager (Male) |
| 12:03 | Build | Archery Range |
| 12:16 | Build | Palisade Gate |
| 12:18 | Create | Villager (Male) |
| 12:23 | Build | Palisade Wall |
| 12:24 | Build | Palisade Wall |
| 12:41 | Research | Double-Bit Axe |
| 12:41 | Research | Double-Bit Axe |
| 12:48 | Create | Villager (Male) |
| 13:05 | Create | Villager (Male) |
| 13:12 | Build | Farm |
| 13:13 | Build | Farm |
| 13:16 | Build | Farm |
| 13:18 | Build | Farm |
| 13:41 | Build | Watch Tower |
| 13:47 | Build | Farm |
| 13:49 | Build | Farm |
| 13:50 | Create | Villager (Male) |
| 13:50 | Create | Villager (Male) |
| 14:01 | Build | Palisade Gate |
| 14:07 | Build | House |
| 14:36 | Create | Villager (Male) |
| 14:42 | Build | House |
| 14:46 | Create | Archer |
| 14:57 | Build | Farm |
| 15:33 | Build | Blacksmith |
| 15:34 | Create | Villager (Male) |
| 15:35 | Create | Villager (Male) |
| 15:41 | Build | Lumber Camp |
| 15:59 | Build | Farm |
| 16:02 | Build | Farm |
| 16:21 | Research | Castle Age |
| 16:30 | Create | Eagle Scout |
| 16:38 | Build | Farm |
| 16:42 | Build | House |
| 16:45 | Build | House |
| 16:48 | Build | House |
| 16:56 | Build | Farm |
| 17:41 | Build | Farm |
| 17:52 | Build | Market |
| 18:10 | Research | Fletching |
| 18:10 | Research | Fletching |
| 18:12 | Create | Villager (Male) |
| 18:16 | Research | Horse Collar |
| 18:20 | Create | Eagle Scout |
| 18:29 | Build | Farm |
| 19:01 | Age | Castle Age |
| 19:02 | Build | Siege Workshop |
| 19:03 | Create | Villager (Male) |
| 19:05 | Research | Bow Saw |
| 19:05 | Research | Bow Saw |
| 19:13 | Create | Villager (Male) |
| 19:23 | Build | Palisade Wall |
| 19:31 | Build | Mining Camp |
| 19:39 | Create | Scorpion |
| 19:46 | Create | Mangonel |
| 19:48 | Build | Farm |
| 19:49 | Build | Farm |
| 19:49 | Create | Villager (Male) |
| 20:01 | Build | Palisade Wall |
| 20:03 | Build | House |
| 20:04 | Build | Palisade Wall |
| 20:05 | Build | Palisade Wall |
| 20:05 | Build | Palisade Wall |
| 20:07 | Build | Palisade Wall |
| 20:07 | Build | Palisade Wall |
| 20:08 | Build | Palisade Wall |
| 20:14 | Create | Villager (Male) |
| 20:54 | Create | Villager (Male) |
| 20:59 | Create | Villager (Male) |
| 21:06 | Build | Farm |
| 21:28 | Create | Mangonel |
| 21:31 | Build | Farm |
| 21:34 | Create | Villager (Male) |
| 22:15 | Create | Villager (Male) |
| 22:45 | Create | Villager (Male) |
| 22:45 | Create | Villager (Male) |
| 22:55 | Build | Town Center |
| 23:00 | Build | House |
| 23:10 | Create | Villager (Male) |
| 23:18 | Build | Farm |
| 23:19 | Build | Farm |
| 23:44 | Create | Mangonel |
| 23:45 | Create | Villager (Male) |
| 23:50 | Build | House |
| 24:00 | Create | Villager (Male) |
| 24:00 | Create | Villager (Male) |
| 24:29 | Build | Farm |
| 24:48 | Build | Town Center |
| 24:53 | Create | Villager (Male) ×5 |
| 25:14 | Create | Villager (Male) |
| 25:41 | Build | Farm |
| 25:42 | Build | Farm |
| 25:58 | Create | Villager (Male) ×2 |
| 26:03 | Build | Monastery |
| 26:13 | Create | Villager (Male) |
| 26:13 | Create | Villager (Male) |
| 26:34 | Build | Monastery |
| 26:37 | Build | Monastery |
| 26:39 | Build | Farm |
Build order — thankyou9527
First 150 of 210 actions detected
| 0:01 | Create | Villager (Male) |
| 0:01 | Create | Villager (Male) |
| 0:01 | Create | Villager (Male) |
| 0:02 | Build | House |
| 0:03 | Build | House |
| 0:19 | Create | Villager (Male) |
| 0:19 | Create | Villager (Male) |
| 1:24 | Create | Villager (Male) |
| 1:24 | Create | Villager (Male) |
| 1:24 | Create | Villager (Male) |
| 1:54 | Create | Villager (Male) |
| 2:30 | Create | Villager (Male) |
| 2:31 | Create | Villager (Male) |
| 2:31 | Create | Villager (Male) |
| 2:40 | Build | Lumber Camp |
| 2:49 | Build | Lumber Camp |
| 2:55 | Build | Lumber Camp |
| 3:11 | Create | Villager (Male) |
| 3:12 | Create | Villager (Male) |
| 3:34 | Build | House |
| 4:00 | Create | Villager (Male) |
| 4:10 | Create | Villager (Male) |
| 4:10 | Create | Villager (Male) |
| 5:06 | Create | Villager (Male) |
| 5:06 | Create | Villager (Male) |
| 5:07 | Create | Villager (Male) |
| 5:54 | Build | Barracks |
| 6:20 | Research | Loom |
| 6:37 | Build | House |
| 6:48 | Research | Feudal Age |
| 6:49 | Research | Feudal Age |
| 6:49 | Research | Feudal Age |
| 7:15 | Create | Militia |
| 7:29 | Create | Militia |
| 7:47 | Build | House |
| 7:49 | Build | Palisade Wall |
| 8:09 | Create | Villager (Male) |
| 8:12 | Build | Mining Camp |
| 8:19 | Create | Militia |
| 8:24 | Build | House |
| 8:55 | Create | Militia |
| 8:55 | Create | Militia |
| 8:58 | Age | Feudal Age |
| 9:13 | Create | Villager (Male) |
| 9:22 | Build | Palisade Wall |
| 9:23 | Build | Palisade Wall |
| 9:50 | Build | Watch Tower |
| 9:53 | Create | Villager (Male) |
| 10:21 | Create | Villager (Male) |
| 10:21 | Create | Villager (Male) |
| 10:21 | Create | Villager (Male) |
| 10:23 | Build | Mining Camp |
| 10:31 | Build | Palisade Wall |
| 10:32 | Build | Palisade Wall |
| 10:37 | Build | Archery Range |
| 11:03 | Create | Villager (Male) |
| 11:03 | Create | Villager (Male) |
| 11:08 | Build | Mill |
| 11:17 | Create | Archer |
| 11:17 | Create | Archer |
| 11:36 | Create | Villager (Male) |
| 11:46 | Build | Palisade Wall |
| 12:13 | Create | Villager (Male) |
| 12:13 | Create | Villager (Male) |
| 12:17 | Build | Blacksmith |
| 12:19 | Build | Palisade Wall |
| 12:37 | Create | Villager (Male) |
| 12:42 | Build | House |
| 12:48 | Create | Archer |
| 12:48 | Create | Archer |
| 12:49 | Create | Archer |
| 13:15 | Build | Farm |
| 13:15 | Create | Villager (Male) |
| 13:35 | Create | Villager (Male) |
| 13:35 | Create | Villager (Male) |
| 13:38 | Build | Watch Tower |
| 14:01 | Build | Watch Tower |
| 14:10 | Create | Villager (Male) |
| 14:10 | Create | Villager (Male) |
| 14:11 | Create | Villager (Male) |
| 14:35 | Create | Villager (Male) |
| 14:36 | Create | Villager (Male) |
| 14:38 | Build | Farm |
| 14:41 | Build | Farm |
| 14:42 | Build | Farm |
| 14:46 | Build | House |
| 14:48 | Build | Stone Wall |
| 14:54 | Create | Archer |
| 14:54 | Create | Archer |
| 15:06 | Build | Palisade Wall |
| 15:14 | Create | Villager (Male) |
| 15:14 | Create | Villager (Male) |
| 15:28 | Build | Palisade Wall |
| 15:30 | Build | Palisade Wall |
| 15:31 | Create | Villager (Male) |
| 15:35 | Research | Fletching |
| 15:37 | Build | Farm |
| 15:51 | Build | Palisade Wall |
| 15:52 | Build | Palisade Wall |
| 15:53 | Build | Palisade Wall |
| 15:56 | Create | Villager (Male) |
| 16:05 | Create | Villager (Male) |
| 16:20 | Create | Villager (Male) |
| 16:20 | Create | Villager (Male) |
| 16:28 | Build | Watch Tower |
| 16:32 | Create | Villager (Male) |
| 16:38 | Create | Villager (Male) |
| 16:42 | Build | Farm |
| 16:44 | Build | Farm |
| 16:46 | Build | Farm |
| 16:49 | Build | Farm |
| 16:49 | Create | Villager (Male) |
| 16:57 | Build | Palisade Wall |
| 17:06 | Create | Archer |
| 17:08 | Create | Villager (Male) |
| 17:13 | Build | Stone Wall |
| 17:14 | Build | Stone Wall |
| 17:15 | Build | Stone Wall |
| 17:16 | Build | Stone Wall |
| 17:28 | Create | Villager (Male) |
| 17:28 | Create | Villager (Male) |
| 17:32 | Build | Farm |
| 17:40 | Build | Palisade Wall |
| 18:03 | Create | Villager (Male) |
| 18:05 | Create | Militia |
| 18:05 | Create | Militia |
| 18:10 | Build | House |
| 18:26 | Build | House |
| 18:28 | Create | Villager (Male) |
| 18:44 | Create | Villager (Male) |
| 18:46 | Build | Farm |
| 18:46 | Build | Farm |
| 18:47 | Build | Farm |
| 18:47 | Build | Farm |
| 18:47 | Build | Farm |
| 18:58 | Create | Villager (Male) |
| 18:59 | Create | Villager (Male) |
| 19:42 | Create | Villager (Male) |
| 19:47 | Build | Palisade Gate |
| 19:52 | Build | Market |
| 19:57 | Create | Villager (Male) |
| 20:05 | Build | Watch Tower |
| 20:07 | Build | Stone Wall |
| 20:52 | Build | House |
| 20:54 | Build | House |
| 20:56 | Build | Stone Wall |
| 21:28 | Create | Villager (Male) |
| 22:09 | Research | Castle Age |
| 22:19 | Create | Archer |
| 22:51 | Create | Archer |
Match timeline
| 4:24 | PomPom · wall_segment Palisade Wall x5 |
| 5:30 | PomPom · wall_segment Palisade Wall x3 |
| 5:30 | PomPom · wall_segment Palisade Wall x3 |
| 5:46 | PomPom · wall_segment Palisade Wall x3 |
| 5:54 | thankyou9527 · first_building Barracks |
| 5:57 | PomPom · wall_segment Palisade Wall x3 |
| 5:58 | PomPom · wall_segment Palisade Wall x8 |
| 6:33 | PomPom · wall_segment Palisade Wall x1 |
| 6:59 | PomPom · wall_segment Palisade Wall x6 |
| 7:49 | thankyou9527 · wall_segment Palisade Wall x5 |
| 8:58 | thankyou9527 · age_up feudal |
| 9:18 | PomPom · first_building Barracks |
| 9:22 | thankyou9527 · wall_segment Palisade Wall x7 |
| 9:23 | thankyou9527 · wall_segment Palisade Wall x9 |
| 10:14 | PomPom · wall_segment Palisade Wall x8 |
| 10:31 | thankyou9527 · wall_segment Palisade Wall x1 |
| 10:32 | thankyou9527 · wall_segment Palisade Wall x1 |
| 10:37 | thankyou9527 · first_building Archery Range |
| 10:42 | PomPom · wall_segment Palisade Wall x4 |
| 11:46 | thankyou9527 · wall_segment Palisade Wall x1 |
| 11:49 | PomPom · age_up feudal |
| 12:03 | PomPom · first_building Archery Range |
| 12:19 | thankyou9527 · wall_segment Palisade Wall x6 |
| 12:23 | PomPom · wall_segment Palisade Wall x5 |
| 12:24 | PomPom · wall_segment Palisade Wall x1 |
| 14:48 | thankyou9527 · wall_segment Stone Wall x1 |
| 15:06 | thankyou9527 · wall_segment Palisade Wall x1 |
| 15:28 | thankyou9527 · wall_segment Palisade Wall x4 |
| 15:30 | thankyou9527 · wall_segment Palisade Wall x13 |
| 15:51 | thankyou9527 · wall_segment Palisade Wall x1 |
| 15:52 | thankyou9527 · wall_segment Palisade Wall x1 |
| 15:53 | thankyou9527 · wall_segment Palisade Wall x1 |
| 16:57 | thankyou9527 · wall_segment Palisade Wall x1 |
| 17:13 | thankyou9527 · wall_segment Stone Wall x1 |
| 17:14 | thankyou9527 · wall_segment Stone Wall x1 |
| 17:15 | thankyou9527 · wall_segment Stone Wall x1 |
| 17:16 | thankyou9527 · wall_segment Stone Wall x1 |
| 17:40 | thankyou9527 · wall_segment Palisade Wall x1 |
| 19:01 | PomPom · age_up castle |
| 19:02 | PomPom · first_building Siege Workshop |
| 19:23 | PomPom · wall_segment Palisade Wall x1 |
| 19:44 | PomPom · first_market_sell 100 food |
| 20:01 | PomPom · wall_segment Palisade Wall x5 |
| 20:04 | PomPom · wall_segment Palisade Wall x1 |
| 20:05 | PomPom · wall_segment Palisade Wall x1 |
| 20:05 | PomPom · wall_segment Palisade Wall x1 |
| 20:07 | PomPom · wall_segment Palisade Wall x1 |
| 20:07 | PomPom · wall_segment Palisade Wall x1 |
| 20:07 | thankyou9527 · wall_segment Stone Wall x1 |
| 20:08 | PomPom · wall_segment Palisade Wall x1 |
| 20:56 | thankyou9527 · wall_segment Stone Wall x1 |
| 24:45 | thankyou9527 · first_building Stable |
| 24:49 | thankyou9527 · age_up castle |
| 25:48 | thankyou9527 · first_building Krepost |
| 26:03 | PomPom · first_building Monastery |
| 27:01 | thankyou9527 · first_building Siege Workshop |
| 28:27 | thankyou9527 · first_market_buy 100 wood |
| 28:48 | PomPom · wall_segment Palisade Wall x1 |
| 29:02 | PomPom · first_market_buy 100 stone |
| 29:19 | PomPom · first_building Castle |
| 32:15 | PomPom · resign |
[ AI ANALYSIS · 1 CREDIT ]
What really happened in this match?
Wolo.gg analyzes every decision: build order, eco, micro, common mistakes by bracket. Personalized analysis on WhatsApp or Discord in 30 seconds.
Civ guide
Maya
Perfil
Jugador #455708